 Dungeon Crawl Stone Soup version 0.30-a0-166-g5d06c95188 (webtiles) character file.

Game seed: 13466602716353829517

30 qw the Shield-Bearer (level 3, -2/23 HPs)
             Began as a Gargoyle Fighter on Sept 28, 2022.
             Slain by a gnoll
             ... wielding a +0 flail
              (10 damage)
             ... on level 1 of the Dungeon.
             The game lasted 00:00:20 (986 turns).

qw the Shield-Bearer (Gargoyle Fighter)              Turns: 986, Time: 00:00:21

Health: -2/23      AC: 10    Str: 21    XL:     3   Next: 18%
Magic:  3/3        EV:  9    Int:  8    God:
Gold:   29         SH:  4    Dex:  9    Spells: 2/2 levels left

rFire   . . .      SeeInvis .    a - +0 war axe
rCold   . . .      Faith    .    c - +0 buckler
rNeg    + . .      Spirit   .    b - +0 scale mail
rPois   inf        Reflect  .    (no helmet)
rElec   +          Harm     .    (no cloak)
rCorr   .          Rampage  .    (no gloves)
Will    .....                    (no boots)
Stlth   ..........               (no amulet)
HPRegen 0.07/turn                (no ring)
MPRegen 0.08/turn                (no ring)

@: no status effects
A: sickness immunity, AC +3, negative energy resistance 1, electricity
resistance, torment resistance 1, petrification resistance
a: no special abilities


You were on level 1 of the Dungeon.
You visited 1 branch of the dungeon, and saw 1 of its levels.

You collected 29 gold pieces.


Innate Abilities, Weirdness & Mutations

You are immune to sickness and miasma.
Your stone body is resilient. (AC +3)
You are immune to poison.
You resist negative energy. (rN+)
You are resistant to electric shocks. (rElec)
You are resistant to unholy torment.
You are immune to petrification.


   Skills:
 - Level 3.2 Fighting
 + Level 3.2 Axes
 - Level 3.2 Armour
 - Level 3.2 Shields


You had 2 spell levels left.
You didn't know any spells.
Your spell library was empty.

Inventory:

Hand Weapons
 a - a +0 war axe (weapon)
 i - a +0 club
Armour
 b - a +0 scale mail (worn)
 c - a +0 buckler (worn)
Scrolls
 e - a scroll of silence {unknown}
 f - 2 scrolls of identify {unknown}
 h - a scroll of poison {unknown}
Potions
 d - a potion of might
 g - 2 potions of curing {unknown}

Dungeon Overview and Level Annotations

Branches:
Dungeon (1/15)

Altars:


Message History

You slash the endoplasm!
You kill the endoplasm!
A goblin is nearby!
960 ||| Stepping ~*~*~tactically~*~*~ (stealth).
The goblin shouts!
The goblin hits you but does no damage.
There is an open door here.
You barely miss the goblin. The goblin hits you but does no damage.
You slash the goblin!
You kill the goblin!
You hear a splash.
You enter the shallow water.
Moving in this stuff is going to be slow.
You see here a +0 dagger.
You enter the shallow water.
Moving in this stuff is going to be slow.
A gnoll comes into view. It is wielding a +0 flail.
The gnoll shouts!
You closely miss the gnoll. The gnoll misses you.
The gnoll hits you with a +0 flail.
You slash the gnoll!
The gnoll is heavily wounded.
The gnoll barely misses you.
You barely miss the gnoll.
The gnoll is heavily wounded.
The gnoll hits you with a +0 flail.
You barely miss the gnoll.
The gnoll is heavily wounded.
The gnoll completely misses you. The gnoll hits you but does no damage.
You barely miss the gnoll.
The gnoll is heavily wounded.
The gnoll closely misses you.
You hit the gnoll.
The gnoll is almost dead.
The gnoll hits you with a +0 flail!
You closely miss the gnoll.
The gnoll is almost dead.
The gnoll closely misses you. The gnoll hits you with a +0 flail!
You die...

#..# #.# ########## #.# ##.# #.#
#~ ~~~~~ #.# #.# #.# #~.P ~7P.~
#.# ######.####.###~P7~~P.. #.#
..............#~..~~.77~ #.###
####.#.######.#~.7~~..P~~7P~#....
#.#.# #.#~.P~~.P7~~77~##... #.#.#
#.#~7g~~777~~7.~#..##
#.#.######.#~@7~~.PP~~.7~#.###
#..........#~77~~~~~~~..~#####
##########.#~.7~.....~77~#...# #
#.#)~~~.###.~~~~#...# ##
#.'.....#0#.....'..<# .###
#)#~~~~.###.~~~~#...# ...#
#.#~7P~.....~7.~#...# .#.#
#.#~.7~~~~~~~.7~##### ##.#
######.#~P7~~.7.~~77~###.#


You could see a gnoll.

Vanquished Creatures
  2 dart slugs (D:1)
  4 endoplasms (D:1)
  A giant cockroach (D:1)
  2 goblins (D:1)
  2 hobgoblins (D:1)
  2 quokkas (D:1)
  2 ball pythons (D:1)
  2 bats (D:1)
  A frilled lizard (D:1)
  2 kobolds (D:1)
  3 rats (D:1)
23 creatures vanquished.

Vanquished Creatures (others)
  19 plants (D:1)
19 creatures vanquished.

Grand Total: 42 creatures vanquished

Notes
Turn   | Place    | Note
-------+----------+-------------------------------------------
     0 | D:1      | qw the Gargoyle Fighter began the quest for the Orb.
     0 | D:1      | Reached XP level 1. HP: 14/14 MP: 1/1
     0 | D:1      | 0 ||| qw: Version: 0.2-a-12-gaebbb33
     0 | D:1      | 0 ||| qw: Game counter: 994
     0 | D:1      | 0 ||| qw: Always use a shield: true
     0 | D:1      | 0 ||| qw: God list: Okawaru
     0 | D:1      | 0 ||| qw: Allow faded altars: false
     0 | D:1      | 0 ||| qw: Do Orc after D:15 true
     0 | D:1      | 0 ||| qw: Do second Lair branch before Depths: true
     0 | D:1      | 0 ||| qw: Lair rune preference: random
     0 | D:1      | 0 ||| qw: Plans: Normal, Zot:1-4, God:TSO, Crypt, Tomb,
                  | Pan, Slime:5, Hells, Abyss, Orb
     0 | D:1      | 0 ||| PLANNING D:1-11
   308 | D:1      | 308 ||| Stepping ~*~*~tactically~*~*~ (stealth).
   323 | D:1      | 323 ||| Stepping ~*~*~tactically~*~*~ (stealth).
   325 | D:1      | Reached XP level 2. HP: 19/19 MP: 2/2
   541 | D:1      | Found a faded altar of an unknown god.
   623 | D:1      | 623 ||| Stepping ~*~*~tactically~*~*~ (hiding).
   624 | D:1      | 624 ||| Stepping ~*~*~tactically~*~*~ (stealth).
   631 | D:1      | Reached skill level 3 in Axes
   827 | D:1      | Reached XP level 3. HP: 23/23 MP: 3/3
   960 | D:1      | 960 ||| Stepping ~*~*~tactically~*~*~ (stealth).
   986 | D:1      | Slain by a gnoll

Levels and vault maps discovered:
D:1:      lightli_arrival_farm, layout_loops_ring, ebering_ecumenical_altar_mist

Skill      XL: |  1  2 |
---------------+-------+-----
Axes           | 2 3 |  3.2
Fighting       | |  3.2
Armour         | |  3.2
Shields        | |  3.2

Action                   || total
-------------------------++-------
Melee: War axe           ||    61
Armor: Scale mail        ||    18
Dodge: Dodged            ||    29
Block: Buckler           ||     7

Table legend:
 A = Non-vault XP
 B = Vault XP
 C = Vault XP percentage of total XP
 D = Non-vault monster count
 E = Vault monster count
 F = Vault count percentage of total count
                 A         B        C        D         E       F
            +---------+---------+-------+---------+---------+-------
      Total |      43 |       0 |   0.0 |      23 |       0 |   0.0
            +---------+---------+-------+---------+---------+-------
        D:1 |      43 |       0 |   0.0 |      23 |       0 |   0.0
            +---------+---------+-------+---------+---------+-------
